 Dungeon Crawl Stone Soup version 0.30.1-3-gfc49f6343a (webtiles) character file.

Game seed: 6676142722881549018

475 Atelerd the Digger (level 7, -12/40 (44) HPs)
             Began as an Octopode Earth Elementalist on July 25, 2023.
             Mangled by Duvessa
             ... wielding a +0 short sword
              (17 damage)
             ... on level 5 of the Dungeon.
             The game lasted 00:08:56 (4469 turns).

Atelerd the Digger (Octopode Earth Elementalist)    Turns: 4469, Time: 00:08:57

HP:   -12/40 (44)   AC:  1    Str:  7    XL:     7   Next: 10%
MP:   0/12          EV: 13    Int: 18    God:
Gold: 160           SH:  0    Dex: 20    Spells: 8/13 levels left

rFire   . . .        k - +0 dagger
rCold   . . .        (no shield)
rNeg    . . .        (helmet restricted)
rPois   +            (no amulet)
rElec   .            g - +6 ring of dexterity
rCorr   .            i - ring of poison resistance
SInv    .            (no ring)
Will    .....        (no ring)
Stlth   ++++         (no ring)
HPRegen 0.26/turn    (no ring)
MPRegen 0.13/turn    (no ring)
                     (no ring)

%: no passive effects
@: very slightly contaminated, drained
A: almost no armour, amphibious, 8 rings, camouflage 1, gelatinous body 1,
(nimble swimmer 1), tentacles
a: no special abilities


You were on level 5 of the Dungeon.
You visited 1 branch of the dungeon, and saw 6 of its levels.

You collected 286 gold pieces.
You spent 126 gold pieces at shops.

Inventory:

Hand Weapons
 k - a +0 dagger (weapon)
Jewellery
 g - a +6 ring of dexterity (left tentacle)
 i - a ring of poison resistance (right tentacle)
 q - an amulet of faith
Wands
 r - a wand of flame (14)
 w - a wand of roots (8)
Scrolls
 b - 3 scrolls of poison
 d - 2 scrolls of enchant weapon
 f - 2 scrolls of vulnerability
 h - 3 scrolls of noise {unknown}
 l - a scroll of amnesia {unknown}
 o - a scroll of fog {unknown}
 v - a scroll of blinking {unknown}
Potions
 a - 2 potions of magic
 c - a potion of heal wounds
 j - a potion of flight {unknown}
 m - 3 potions of attraction {unknown}
 n - a potion of haste {unknown}
 p - 2 potions of mutation {unknown}
 s - a potion of invisibility {unknown}
 u - a potion of might {unknown}


   Skills:
 + Level 1.9 Fighting
 * Level 1.2 Short Blades
 - Level 2.0 Dodging
 + Level 4.4 Stealth
 + Level 3.9 Spellcasting
 - Level 3.0 Transmutations
 + Level 4.8 Earth Magic


You had 8 spell levels left.
You knew the following spells:

 Your Spells              Type           Power      Damage    Failure   Level
a - Sandblast             Erth           40%        2d10      1%          1
p - Petrify               Tmut/Erth      17%        N/A       30%         4

Your spell library contained the following spells:

 Spells                   Type           Power      Damage    Failure   Level
 Beastly Appendage        Tmut           28%        N/A       4%          1
 Passwall                 Tmut/Erth      14%        N/A       4%          2
 Wereblood                Tmut           14%        N/A       7%          2
 Stone Arrow              Conj/Erth      24%        3d8       17%         3
 Spider Form              Tmut/Pois      8%         N/A       24%         3
 Lehudib's Crystal Spear  Conj/Erth      6%         10d3      100%        8
 Animate Armour           Summ/Erth      Unusable   N/A       N/A         4

Dungeon Overview and Level Annotations

Branches:
Dungeon (6/15)
 Temple: D:4-7

Altars:

Shops:
D:1 *   D:2 ?   D:4 [

Annotations:
D:4 exclusion: downstairs
D:5 1 runed translucent door, Duvessa; opiumtea's ghost, novice OpTm


Innate Abilities, Weirdness & Mutations

You cannot wear most types of armour.
You are amphibious.
You can wear up to eight rings at the same time.
Your skin changes colour to match your surroundings (Stealth+).
Your rubbery body absorbs attacks. (AC +1, EV +1)
((You are camouflaged when in or above water. (Stealth+)))
You have tentacles for arms and can constrict up to eight enemies at once.


Message History

Aiming: Petrify (quite dangerous; 30% risk of failure)
Press: ? - help, Shift-Dir - straight line, f - Duvessa
Aim: Duvessa, wielding a +0 short sword and wearing a +0 scale mail (berserk, chance to affect: 32%)
You miscast Petrify.
You are very lightly contaminated with residual magic.
Sand pours from your tentacles.
Casting: Petrify (quite dangerous; 30% risk of failure)
Confirm with . or Enter, or press ? or * to list all spells.
The spell is quite dangerous to miscast (30% risk of failure)!
Continue anyway?
Aiming: Petrify (quite dangerous; 30% risk of failure)
Press: ? - help, Shift-Dir - straight line, f/p - Duvessa
Aim: Duvessa, wielding a +0 short sword and wearing a +0 scale mail (berserk, chance to affect: 32%)
You miscast Petrify.
You are blasted with sand.
Unknown command.
Casting: Petrify (quite dangerous; 30% risk of failure)
Confirm with . or Enter, or press ? or * to list all spells.
The spell is quite dangerous to miscast (30% risk of failure)!
Continue anyway?
Aiming: Petrify (quite dangerous; 30% risk of failure)
Press: ? - help, Shift-Dir - straight line, f/p - Duvessa
Aim: Duvessa, wielding a +0 short sword and wearing a +0 scale mail (berserk, chance to affect: 32%) Duvessa easily resists.
A jelly comes into view.
Unknown command.
Okay, then.
Okay, then.
Aiming: Fastroot
Press: ? - help, Shift-Dir - straight line, f/p - Duvessa
Aim: Duvessa, wielding a +0 short sword and wearing a +0 scale mail (berserk)
The roots erupt in riotous growth!
Roots grab Duvessa.
The grasping roots constrict Duvessa.
Duvessa escapes!
Unknown command.
Aiming: Fastroot
Press: ? - help, Shift-Dir - straight line, p - Duvessa The roots erupt in riotous growth!
Roots grab Duvessa.
The grasping roots constrict Duvessa.
Duvessa hits you with a +0 short sword!
* * * LOW HITPOINT WARNING * * *
Duvessa hits you with a +0 short sword!
You die...

#.. #..(......# #.. #.........#
#.# #.........# #.# #.........#
#.# # #.........##. ### #.# #.
#####...###...... #.## #.# #..
#.....#####.##### #..# ##.#
#..##.###.# #..# #..#
#.>######..@.....# #.##
#..###..........e.....# ##.######
....er.#########.....####...†....
...##..##......#..........#######
.#.##..........#.....###.# #.
.#.###.#.......#J....###.# #.
.#.# #.##......#.....#... #. .#.#
#.##............#.#########. .#..
..##....................)...


You could see Duvessa (berserk, rooted) and a jelly.

Vanquished Creatures
  Dowan (D:5)
  A jelly (D:5)
  5 hounds
  2 orc wizards (D:5)
  An iguana (D:5)
  6 adders
  2 worms
  6 dart slugs
  6 orcs (D:5)
  9 ball pythons
  4 bats
  2 endoplasms
  3 giant cockroaches
  10 goblins
  7 hobgoblins
  8 jackals
  7 kobolds
  8 quokkas
  3 frilled lizards (D:1)
  6 rats
97 creatures vanquished.

Notes
Turn   | Place    | Note
-------+----------+-------------------------------------------
     0 | D:1      | Atelerd the Octopode Earth Elementalist began the quest for
                  | the Orb.
     0 | D:1      | Reached XP level 1. HP: 11/11 MP: 3/3
   119 | D:1      | Reached XP level 2. HP: 17/17 MP: 0/5
   157 | D:1      | Found Vuyppeqo's Assorted Antiques.
   360 | D:1      | Reached XP level 3. HP: 19/21 MP: 1/6
  1142 | D:2      | Found Timadul's Magic Scroll Shoppe.
  1211 | D:2      | Found a faded altar of an unknown god.
  1299 | D:2      | Reached XP level 4. HP: 27/27 MP: 5/8
  1369 | D:2      | Found the +1 robe of Vines {NoPotionHeal Regen++++}
  2794 | D:3      | Reached XP level 5. HP: 24/31 MP: 0/9
  3389 | D:4      | Found Qaru's Armour Boutique.
  3501 | D:1      | Bought a lumpy ruby potion for 19 gold pieces
  3501 | D:1      | Bought an inky potion for 19 gold pieces
  3501 | D:1      | Bought a scroll labelled XESOSI GEWA for 22 gold pieces
  3501 | D:1      | Bought a potion of curing for 66 gold pieces
  3567 | D:5      | Entered Level 5 of the Dungeon
  3571 | D:5      | Noticed Dowan
  3572 | D:5      | Noticed Duvessa
  3573 | D:5      | Reached skill level 1 in Fighting
  3573 | D:5      | Reached XP level 6. HP: 38/38 MP: 5/11
  3803 | D:4      | Learned a level 4 spell: Petrify
  3817 | D:5      | Killed Dowan
  3917 | D:5      | Found a runed translucent door.
  3918 | D:5      | Noticed opiumtea's ghost (novice OpTm)
  4317 | D:5      | Reached skill level 1 in Short Blades
  4317 | D:5      | Reached XP level 7. HP: 34/39 MP: 4/12
  4469 | D:5      | Mangled by Duvessa

Illustrated notes

Levels and vault maps discovered:
D:1:      dpeg_arrival_leaves_temple_mockup, layout_basic, serial_shops,
          nicolae_shop_waterfront, minmay_tromino_v2
D:2:      layout_loops_ring, basic_ecumenical_altar, serial_shops,
          nicolae_shop_hallway_stairs, chequers_big_river,
          chequers_serial_rivers_micro_e
D:3:      layout_basic
D:4:      layout_basic, serial_shops, shop,
          hangedman_abyss_or_decor_jellyfish_corner, reono_crystal_passage,
          minmay_misc_feat_enclosed, uniq_natasha
D:5:      layout_rooms, ebering_ghost_sewer_f, uniq_duvessa
D:6:      layout_basic

Skill      XL: |  1  2  3  4  5  6 |
---------------+-------------------+-----
Transmutations | 2 3 |  3.0
Spellcasting   | 3 |  3.9
Earth Magic    | 4 |  4.8
Stealth        | 3 4 |  4.4
Fighting       | 1 |  1.9
Short Blades   | 1 |  1.2
Dodging        | |  2.0

Action                     |  1- 3 |  4- 6 |  7- 9 || total
---------------------------+-------+-------+-------++-------
  Melee: Unarmed           |    13 |       |       ||    13
         Constrict         |     4 |     3 |       ||     7
         Tentacles         |     3 |     2 |       ||     5
         Dagger            |       |    16 |       ||    16
   Cast: Sandblast         |    50 |    87 |     5 ||   142
         Petrify           |       |     3 |     1 ||     4
  Evoke: Wand              |       |       |     2 ||     2
    Use: Scroll            |       |     6 |     1 ||     7
         Potion            |       |     4 |       ||     4
   Stab: Sleeping          |     1 |       |       ||     1
         Petrified         |       |     6 |       ||     6
 Armour: Skin              |     4 |     2 |     2 ||     8
  Dodge: Dodged            |    31 |    37 |     2 ||    70
